Map: [ESL] Solaris

Players

MeomaikA - Winner!

  • Race: Zerg Zerg
  • Spawn Location: 1:00

MacSed

  • Race: Protoss Protoss
  • Spawn Location: 7:00

Event: ESL SC2 Masters 2023 Winter (Regional)

VOD

Have the link to the VOD?

Description

Time

  • Played on: Oct. 28, 2023, 9:18 a.m.
  • Length: 16:23
Show
View Real Time Build Order
Export as new Build Order

MeomaikA Zerg - Winner!

Build Orders: Pool First, Roach Hydra 

Get SALT Encoding   

  12  0:00  Drone  
  13  0:12  Overlord  
  13  0:17  Drone  
  14  0:31  Drone x2  
  14  0:34  Drone  
  17  0:43  Spawning Pool  
  17  0:47  Drone  
  18  0:57  Drone  
  18  1:02  Extractor  
  17  1:07  Drone  
  18  1:25  Hatchery  
  18  1:30  Zergling x4  
  19  1:32  Queen  
  19  1:39  Drone  
  22  1:49  Overlord  
  22  2:05  Metabolic Boost  
  22  2:07  Drone  
  23  2:08  Queen  
  23  2:13  Drone  
  26  2:23  Drone  
  27  2:35  Drone  
  27  2:38  Drone  
  27  2:43  Drone  
  29  2:47  Drone x2  
  29  2:48  Overlord  
  29  2:49  Drone  
  31  2:59  Hatchery  
  31  3:05  Drone  
  31  3:10  Zergling x4  
  31  3:12  Drone  
  34  3:17  Lair  
  34  3:21  Zergling x2, Drone  
  34  3:23  Zergling x2  
  34  3:25  Drone  
  38  3:28  Drone  
  39  3:34  Drone x2  
  39  3:38  Extractor  
  39  3:40  Spore Crawler  
  39  3:41  Spore Crawler  
  38  3:45  Drone x2  
  38  3:47  Drone  
  41  3:51  Overlord  
  41  3:53  Drone  
  42  3:58  Overlord  
  42  4:03  Zergling x4  
  42  4:08  Overlord  
  44  4:15  Hydralisk Den  
  44  4:16  Zergling x6  
  46  4:19  Drone  
  46  4:22  Zergling x4  
  49  4:24  Drone  
  49  4:26  Drone  
  51  4:32  Overlord  
  51  4:40  Drone x2  
  51  4:41  Overlord  
  52  4:52  Zergling x4, Drone  
  54  4:53  Drone  
  54  4:54  Muscular Augments  
  54  4:56  Hydralisk  
  54  4:58  Hydralisk  
  57  5:02  Hydralisk  
  57  5:06  Hydralisk  
  59  5:09  Hydralisk  
  59  5:12  Drone  
  62  5:18  Hydralisk x2  
  64  5:23  Hydralisk  
  64  5:26  Drone x2  
  68  5:29  Zergling x4  
  68  5:32  Overlord  
  68  5:35  Hydralisk  
  72  5:38  Drone  
  72  5:42  Hydralisk  
  73  5:44  Drone x2  
  73  5:47  Hydralisk  
  77  5:52  Drone  
  77  5:53  Drone, Overlord  
  77  5:57  Hydralisk  
  79  5:58  Zergling x2  
  79  5:59  Zergling x2  
  79  6:03  Overlord  
  83  6:04  Drone  
  83  6:05  Drone  
  85  6:12  Extractor, Roach Warren  
  85  6:13  Drone x3  
  85  6:15  Drone  
  87  6:19  Zergling x4  
  87  6:22  Zergling x2  
  87  6:23  Zergling x2  
  86  6:29  Zergling x4  
  86  6:30  Hydralisk  
  89  6:36  Hydralisk x2  
  89  6:39  Zergling x2  
  91  6:41  Zergling x2  
  91  6:42  Zergling x2  
  91  6:43  Zergling x2  
  91  6:46  Hydralisk  
  95  6:47  Grooved Spines  
  95  6:49  Zergling x2  
  95  6:53  Hydralisk  
  98  6:55  Zergling x4  
  98  6:58  Zergling x2  
  98  7:00  Zergling x2  
  102  7:03  Zergling x2  
  102  7:08  Zergling x2  
  104  7:18  Zergling x4  
  104  7:20  Overlord x2  
  106  7:23  Overseer  
  106  7:24  Glial Reconstitution  
  106  7:37  Extractor, Overlord x2  
  105  7:38  Queen  
  105  7:39  Drone x4  
  105  7:40  Drone x2  
  111  7:44  Roach x3  
  111  7:46  Roach x2  
  120  7:56  Roach  
  120  7:58  Roach  
  124  7:59  Roach x4  
  124  8:03  Roach  
  134  8:07  Overlord  
  134  8:10  Drone  
  135  8:14  Roach  
  135  8:19  Overlord  
  137  8:21  Overseer  
  137  8:22  Overlord, Hatchery  
  137  8:25  Evolution Chamber  
  137  8:27  Roach x3  
  139  8:30  Roach  
  139  8:33  Roach  
  145  8:38  Roach x2, Overlord  
  149  8:42  Roach  
  149  8:43  Roach  
  149  8:46  Roach  
  149  8:47  Roach  
  157  8:50  Roach  
  157  8:52  Roach  
  157  8:53  Overlord  
  156  8:56  Roach  
  156  9:02  Zerg Missile Weapons Level 1  
  157  9:05  Infestation Pit, Drone x3  
  157  9:07  Drone  
  157  9:09  Roach  
  162  9:11  Roach  
  162  9:15  Roach x2  
  168  9:18  Roach  
  168  9:19  Roach  
  168  9:21  Roach  
  176  9:24  Roach  
  174  9:31  Roach  
  174  9:37  Roach  
  174  9:38  Roach  
  180  9:40  Roach  
  180  9:41  Roach  
  169  9:45  Roach  
  169  9:46  Roach x3  
  169  9:47  Roach  
  169  9:50  Roach  
  169  9:51  Roach  
  153  9:56  Roach x2  
  138  10:03  Roach  
  138  10:04  Zergling x2  
  138  10:05  Zergling x10  
  140  10:09  Drone x2  
  140  10:12  Drone  
  125  10:21  Drone  
  125  10:28  Drone x2  
  125  10:31  Drone  
  126  10:37  Overlord  
  127  10:42  Drone  
  127  10:43  Drone x2  
  127  10:45  Drone  
  127  10:50  Drone  
  127  10:51  Drone x2  
  128  10:57  Zerg Melee Weapons Level 1  
  128  11:01  Drone  
  128  11:02  Drone  
  130  11:08  Hydralisk  
  133  11:11  Zergling x4  
  133  11:15  Zergling x2  
  133  11:22  Zergling x6  
  133  11:23  Drone  
  133  11:25  Zergling x2  
  137  11:32  Zergling x6  
  140  11:33  Zergling x2  
  140  11:37  Zergling x2  
  142  11:42  Drone x2  
  142  11:47  Drone x3  
  146  11:48  Zergling x2  
  146  11:53  Overlord  
  148  11:56  Zergling x2  
  149  12:10  Lair  
  149  12:13  Zergling x10  
  149  12:14  Zergling x2  
  152  12:30  Drone x2  
  152  12:31  Zergling x8  
  152  12:33  Queen  
  152  12:35  Zergling x2  
  161  12:43  Zergling x8  
  165  12:45  Overlord  
  165  12:52  Zergling x2  
  166  12:59  Hatchery  
  165  13:08  Hive  
  165  13:09  Drone x2  
  165  13:11  Overlord  
  167  13:13  Drone x4  
  167  13:18  Zerg Melee Weapons Level 2, Overlord  
  171  13:44  Overseer  
  163  13:50  Zergling x26  
  168  14:06  Queen  
  170  14:16  Spore Crawler  
  169  14:17  Spine Crawler  
  169  14:19  Viper x2  
  169  14:20  Viper x3  
  169  14:22  Zergling x6  
  169  14:24  Zergling x6  
  189  14:26  Spore Crawler  
  189  14:27  Zergling x6, Spore Crawler  
  190  14:32  Zergling x2  
  190  14:36  Spawning Pool  
  190  14:37  Zergling x4  
  190  14:38  Zergling x2  
  193  14:44  Overseer  
  193  15:01  Zergling x2  
  193  15:02  Zergling x10  
Show
View Real Time Build Order
Export as new Build Order

MacSed Protoss 

Build Orders: 1 Gate Expand, Oracle Opening, Zealot Archon 

Get SALT Encoding   

  12  0:00  Probe  
  13  0:12  Probe  
  14  0:19  Pylon  
  14  0:24  Probe  
  15  0:37  Probe (Chrono Boost)  
  15  0:40  Gateway  
  16  0:46  Probe (Chrono Boost)  
  16  0:48  Assimilator  
  17  0:51  Probe (Chrono Boost)  
  18  1:04  Probe  
  19  1:15  Pylon  
  19  1:16  Probe  
  20  1:27  Cybernetics Core  
  21  1:39  Nexus  
  20  1:47  Pylon  
  20  1:48  Probe  
  21  2:00  Probe  
  22  2:02  Adept (Chrono Boost)  
  22  2:04  Warp Gate  
  24  2:14  Probe  
  25  2:15  Gateway  
  25  2:22  Assimilator  
  25  2:26  Probe  
  25  2:35  Stalker  
  27  2:40  Probe  
  28  2:51  Probe (Chrono Boost)  
  28  2:52  Probe (Chrono Boost)  
  30  3:03  Probe (Chrono Boost)  
  30  3:04  Probe (Chrono Boost)  
  32  3:10  Stargate  
  32  3:12  Probe x2 (Chrono Boost)  
  34  3:18  Probe x2  
  36  3:30  Probe x2  
  37  3:42  Probe  
  37  3:44  Pylon  
  37  3:47  Probe  
  39  3:52  Adept x2  
  39  3:54  Pylon, Probe  
  44  3:59  Oracle (Chrono Boost), Probe  
  48  4:06  Probe  
  49  4:10  Pylon  
  49  4:11  Probe  
  49  4:14  Twilight Council  
  49  4:15  Forge  
  50  4:18  Probe  
  50  4:23  Probe  
  52  4:25  Assimilator  
  52  4:27  Robotics Facility, Assimilator  
  53  4:34  Pylon  
  53  4:35  Probe  
  53  4:36  Adept  
  55  4:38  Adept  
  55  4:40  Probe  
  55  4:45  Pylon  
  58  4:51  Probe  
  57  4:57  Probe  
  55  5:03  Adept x2  
  55  5:04  Probe  
  55  5:05  Charge  
  60  5:10  Probe  
  60  5:12  Protoss Ground Weapons Level 1 (Chrono Boost)  
  61  5:16  Observer  
  62  5:23  Gateway  
  62  5:26  Gateway x2  
  60  5:28  Gateway  
  60  5:32  Zealot x2  
  65  5:35  Probe  
  65  5:41  Pylon  
  65  5:53  Immortal (Chrono Boost)  
  69  5:58  Zealot x2  
  69  6:02  Templar Archives  
  73  6:13  Probe x2  
  75  6:24  Zealot x5  
  83  6:28  Probe  
  77  6:43  Probe  
  77  6:46  High Templar x2  
  77  6:47  High Templar x2  
  84  6:51  Archon  
  84  6:52  Archon  
  86  6:56  Pylon x2  
  86  7:00  Nexus  
  86  7:01  Pylon  
  86  7:09  Pylon  
  86  7:14  Probe x2  
  86  7:15  Zealot x2  
  90  7:20  High Templar  
  90  7:21  High Templar  
  96  7:23  Zealot x2  
  96  7:24  Protoss Ground Weapons Level 2 (Chrono Boost)  
  96  7:26  Archon  
  96  7:28  Probe x2  
  102  7:40  Photon Cannon, Probe x2  
  102  7:43  Shield Battery, Robotics Bay  
  104  7:48  Blink  
  104  7:52  Probe x2  
  106  8:03  Gateway  
  106  8:04  Probe  
  106  8:05  Gateway  
  107  8:09  Robotics Facility  
  107  8:10  Probe  
  107  8:12  Probe  
  109  8:16  Probe  
  110  8:22  Probe  
  110  8:24  Probe  
  110  8:26  Colossus (Chrono Boost)  
  110  8:27  Pylon  
  112  8:28  Probe  
  112  8:33  Extended Thermal Lance  
  121  8:41  Pylon  
  121  8:42  Assimilator  
  121  8:43  Zealot  
  121  8:44  Zealot x2, Pylon  
  121  8:45  Assimilator  
  121  8:50  Probe  
  121  8:52  Probe  
  121  8:53  Probe  
  122  8:59  Zealot x3  
  122  9:02  Probe  
  129  9:04  Probe  
  129  9:05  Probe  
  131  9:12  Pylon  
  131  9:14  Probe  
  137  9:17  Probe, Colossus (Chrono Boost)  
  137  9:23  Shield Battery, Colossus (Chrono Boost)  
  144  9:27  Probe  
  143  9:33  Zealot x4  
  139  9:46  Zealot x4  
  127  9:53  Disruptor (Chrono Boost)  
  105  10:00  Sentry x3, Disruptor (Chrono Boost), Shield Battery  
  105  10:01  Sentry  
  114  10:07  Probe  
  114  10:12  Stalker x2  
  116  10:15  Probe  
  109  10:24  Probe  
  113  10:29  Disruptor (Chrono Boost)  
  113  10:34  Disruptor (Chrono Boost)  
  101  10:37  Pylon  
  104  10:57  Disruptor (Chrono Boost)  
  108  11:09  Disruptor (Chrono Boost)  
  112  11:11  Nexus  
  111  11:30  Colossus (Chrono Boost)  
  117  11:34  Zealot x2  
  117  11:39  Disruptor (Chrono Boost)  
  121  11:46  Pylon  
  125  11:48  Pylon  
  125  11:50  Pylon  
  125  11:58  Pylon  
  125  12:04  Nexus  
  123  12:17  Zealot x4  
  126  12:31  Stalker x4  
  134  12:43  Observer x2  
  136  12:47  Dark Shrine  
  136  12:50  Nexus  
  136  12:56  Photon Cannon  
  136  12:57  Shield Battery  
  136  13:04  Shield Battery  
  133  13:11  High Templar x2  
  137  13:15  Archon  
  137  13:18  Disruptor  
  141  13:25  Disruptor  
  147  13:39  Zealot  
  147  13:41  Zealot  
  134  13:56  Psionic Storm  
  134  14:00  Dark Templar  
  134  14:03  Dark Templar  
  136  14:21  Probe x3  
  136  14:24  Assimilator  
  139  14:29  Assimilator  
  139  14:33  High Templar x2  
  139  14:34  Probe  
  142  14:57  High Templar  
  142  14:58  High Templar  
  146  15:06  Pylon  
  146  15:12  Zealot x2  
  150  15:17  Zealot x4  
  158  15:21  Pylon  
  158  15:30  Observer  
  158  15:34  High Templar x2  
  163  15:37  Stalker  
  163  15:38  Zealot x2  
  134  16:15  Zealot x2  
  134  16:16  Zealot x4  
Tags
 
Add a new tag
Caveats
  • Supply blocks, unpowered buildings, or Contaminate may cause inaccurate times.
  • Supply counts are checked every 10 seconds.